 Dungeon Crawl Stone Soup version 0.31-a0-188-g5e087ee2ca (webtiles) character file.

Game seed: 12365639660921908328

40 qw the Shooter (level 3, -1/20 HPs)
             Began as a Deep Elf Hunter on June 23, 2023.
             Slain by an orc
             ... wielding a +0 dagger
              (3 damage)
             ... on level 2 of the Dungeon.
             The game lasted 00:00:17 (803 turns).

qw the Shooter (Deep Elf Hunter)                     Turns: 803, Time: 00:00:17

Health: -1/20      AC:  3    Str: 10    XL:     3   Next: 30%
Magic:  5/5        EV: 12    Int: 13    God:
Gold:   86         SH:  0    Dex: 18    Spells: 2/2 levels left

rFire   . . .        Y - +0 shortbow
rCold   . . .        (shield currently unavailable)
rNeg    . . .        c - +0 leather armour
rPois   .            (no helmet)
rElec   .            (no cloak)
rCorr   .            (no gloves)
SInv    .            (no boots)
Will    .....        (no amulet)
Stlth   ++           (no ring)
HPRegen 0.23/turn    (no ring)
MPRegen 0.09/turn

%: no passive effects
@: no status effects
A: no striking features
a: no special abilities


You were on level 2 of the Dungeon.
You visited 1 branch of the dungeon, and saw 2 of its levels.

You collected 86 gold pieces.


   Skills:
 - Level 1.5 Fighting
 + Level 6.9 Ranged Weapons
 - Level 2.4 Dodging
 - Level 1.2 Stealth


You had 2 spell levels left.
You didn't know any spells.
Your spell library was empty.

Inventory:

Hand Weapons
 Y - a +0 shortbow (weapon)
Armour
 c - a +0 leather armour (worn)
Jewellery
 e - a +6 ring of dexterity
Scrolls
 a - a scroll of identify
 d - a scroll of enchant weapon {unknown}
Potions
 b - a potion of mutation {unknown}
 f - a potion of haste {unknown}
 i - a potion of curing
 j - a potion of resistance {unknown}
 k - a potion of heal wounds {unknown}

Dungeon Overview and Level Annotations

Branches:
Dungeon (2/15)

Altars:


Message History

You shoot an arrow. The arrow barely misses the orc.
The orc hits you with a +0 dagger. The orc barely misses you.
You shoot an arrow. The arrow completely misses the orc.
The orc hits you with a +0 dagger. x2; The orc misses you.
You shoot an arrow.
The arrow hits the orc but does no damage.
The orc is lightly wounded.
The jackal bites you but does no damage.
The orc barely misses you. The orc closely misses you.
The orc hits you but does no damage.
You shoot an arrow. The arrow barely misses the orc.
The arrow hits the adder!
The adder is severely wounded.
The jackal closely misses you. The orc closely misses you.
The orc barely misses you. x2; The jackal completely misses you.
You shoot an arrow. The arrow barely misses the orc.
The arrow closely misses the adder.
The arrow hits the orc.
The orc is heavily wounded.
The jackal barely misses you. The orc barely misses you.
The orc hits you with a +0 dagger. The orc hits you with a +0 club.
You shoot an arrow. The arrow hits the orc!
You kill the orc!
The jackal closely misses you. The orc barely misses you.
The orc hits you with a +0 dagger.
The jackal bites you but does no damage.
The adder closely misses you.
You shoot an arrow. The arrow barely misses the adder.
The arrow closely misses the frilled lizard.
The arrow hits the orc.
The orc is severely wounded.
The orc hits you with a +0 dagger. x2
The jackal bites you but does no damage.
The adder closely misses you.
You shoot an arrow. The arrow hits the adder!
You kill the adder!
The jackal closely misses you. The orc hits you but does no damage.
The orc hits you with a +0 dagger. The jackal bites you.
You shoot an arrow. The arrow hits the orc!
You kill the orc!
The kobold hits you but does no damage. The orc hits you with a +0 dagger.
You die...

.... .... ....)
..).. .......
........###
........oho####
.........lK@...#
[..<.....#h....##
#..............#
#..............##
#.............?.##
#.............#..#
#.........)....#.##
#................>#
#........##########


You could see 2 orcs, 2 jackals, a kobold and a frilled lizard.

Vanquished Creatures
  An adder (D:2)
  A dart slug (D:1)
  3 orcs (D:2)
  3 endoplasms
  2 giant cockroaches (D:1)
  4 goblins
  4 jackals
  3 ball pythons (D:1)
  2 kobolds
  2 rats
25 creatures vanquished.

Notes
Turn   | Place    | Note
-------+----------+-------------------------------------------
     0 | D:1      | qw the Deep Elf Hunter began the quest for the Orb.
     0 | D:1      | Reached XP level 1. HP: 12/12 MP: 3/3
     0 | D:1      | 0 ||| qw: Version: 0.3-a-9-g12657ce
     0 | D:1      | 0 ||| qw: Game counter: 3973
     0 | D:1      | 0 ||| qw: Always use a shield: true
     0 | D:1      | 0 ||| qw: God list: Okawaru
     0 | D:1      | 0 ||| qw: Allow faded altars: false
     0 | D:1      | 0 ||| qw: Do Orc after D:15 true
     0 | D:1      | 0 ||| qw: Do second Lair branch before Depths: true
     0 | D:1      | 0 ||| qw: Lair rune preference: random
     0 | D:1      | 0 ||| qw: Plans: Normal
     0 | D:1      | 0 ||| PLANNING D:1-11
   105 | D:1      | Reached XP level 2. HP: 15/16 MP: 4/4
   139 | D:1      | Found a faded altar of an unknown god.
   151 | D:1      | Reached skill level 6 in Ranged Weapons
   591 | D:1      | 591 ||| READING 3 scrolls labelled UMEUFRIFYL.
   592 | D:1      | 592 ||| READING scroll labelled MIOSAY TUR MAED.
   593 | D:1      | 593 ||| READING scroll labelled LIUNLELEMI.
   594 | D:1      | 594 ||| DRINKING 2 bubbling purple potions.
   595 | D:1      | 595 ||| READING 2 scrolls of identify.
   595 | D:1      | 595 ||| IDENTIFYING blue potion
   596 | D:1      | 596 ||| DROPPING scroll of butterflies.
   597 | D:1      | 597 ||| DROPPING potion of magic.
   792 | D:2      | Reached XP level 3. HP: 20/20 MP: 5/5
   801 | D:2      | HP: 5/20 [orc/+0 dagger (3)]
   802 | D:2      | HP: 2/20 [jackal (1)]
   803 | D:2      | Slain by an orc

Levels and vault maps discovered:
D:1:      lightli_arrival_statue_moat, layout_rooms,
          ebering_ecumenical_altar_webs, serial_forest,
          infiniplex_forest_straight_2, infiniplex_forest_clump_small,
          infiniplex_forest_end_3, infiniplex_forest_clump_small,
          infiniplex_forest_lined_4_way, infiniplex_forest_clump_cross,
          infiniplex_forest_lined_room_2, infiniplex_forest_zigzag_2,
          infiniplex_forest_lined_3
D:2:      layout_basic, serial_shops, nicolae_shop_bloodbath_and_beyond

Skill      XL: |  1  2 |
---------------+-------+-----
Ranged Weapons | 6 |  6.9
Fighting       | |  1.5
Dodging        | |  2.4
Stealth        | |  1.2

Action                     || total
---------------------------++-------
   Fire: Shortbow          ||    58
    Use: Scroll            ||     4
         Potion            ||     1
 Armour: Leather armour    ||     7
  Dodge: Dodged            ||    19

Table legend:
 A = Non-vault XP
 B = Vault XP
 C = Vault XP percentage of total XP
 D = Non-vault monster count
 E = Vault monster count
 F = Vault count percentage of total count
                 A         B        C        D         E       F
            +---------+---------+-------+---------+---------+-------
      Total |      61 |       0 |   0.0 |      25 |       0 |   0.0
            +---------+---------+-------+---------+---------+-------
        D:1 |      29 |       0 |   0.0 |      16 |       0 |   0.0
        D:2 |      32 |       0 |   0.0 |       9 |       0 |   0.0
            +---------+---------+-------+---------+---------+-------
